 Dungeon Crawl Stone Soup version 0.30-a0-924-g0ad0bf95bc (webtiles) character file.

Game seed: 8605679810584852893

101 tilp the Slasher (level 5, -4/46 HPs)
             Began as a Meteoran Fighter on Mar 22, 2023.
             Slain by an orc priest
             ... wielding a +1 trident of protection
              (8 damage)
             ... on level 3 of the Dungeon.
             The game lasted 00:02:38 (636 turns).

tilp the Slasher (Meteoran Fighter)                  Turns: 636, Time: 00:02:38

Health: -4/46      AC: 10    Str: 18    XL:     5   Next: 26%
Magic:  6/6        EV:  7    Int:  9    God:
Gold:   117        SH:  5    Dex: 15    Spells: 4/4 levels left

rFire   . . .      SeeInvis .    a - +0 long sword
rCold   . . .      Faith    .    c - +0 buckler
rNeg    . . .      Spirit   .    n - +0 chain mail
rPois   .          Reflect  .    (no helmet)
rElec   .          Rampage  .    (no cloak)
rCorr   .                        (no gloves)
Will    .....                    i - +0 pair of boots Stlth
                                 (no amulet)
HPRegen 0.27/turn                (no ring)
MPRegen 0.10/turn                (no ring)

@: mighty, glowing
A: sense surroundings 1, otherworldly, glowing, explore regen
a: no special abilities


You were on level 3 of the Dungeon.
You visited 1 branch of the dungeon, and saw 4 of its levels.

You collected 117 gold pieces.

Inventory:

Hand Weapons
 a - a +0 long sword (weapon)
Missiles
 b - 2 boomerangs
 h - 19 stones
 j - 4 poisoned darts (quivered)
Armour
 c - a +0 buckler (worn)
 i - a +0 pair of boots (worn)
 n - a +0 chain mail (worn)
Scrolls
 e - 2 scrolls of enchant weapon {unknown}
 f - a scroll of teleportation {unknown}
 g - a scroll of identify {unknown}
 l - a scroll of silence {unknown}
 m - a scroll of blinking {unknown}
Potions
 k - a potion of mutation {unknown}
 o - a potion of invisibility {unknown}


   Skills:
 - Level 4.0 Fighting
 * Level 4.7 Long Blades
 - Level 3.6 Armour
 - Level 2.0 Dodging
 - Level 3.6 Shields


You had 4 spell levels left.
You didn't know any spells.
Your spell library was empty.

Dungeon Overview and Level Annotations

Branches:
Dungeon (4/15) Zot: 1727
 Temple: D:4-7

Altars:

Shops:
D:3 =


Innate Abilities, Weirdness & Mutations

You passively map a small area around you.
You are easily found by Zot.
You glow in the dark.
You regain HP and MP as you explore.


Message History

You miss the frilled lizard. The frilled lizard closely misses you.
You closely miss the frilled lizard. You block the frilled lizard's attack.
You hit the frilled lizard.
You kill the frilled lizard!
You hit something. Something hits you but does no damage.
You miss something.
The orc priest casts a cantrip, but nothing happens.
Something hits you but does no damage. x2
The orc priest hits you but does no damage.
You miss something.
The orc priest hits you but does no damage.
Something hits you but does no damage.
You hit something.
The orc priest hits you but does no damage.
You hear some strange, mumbled words.
A puff of flame appears from out of thin air!
The puff of flame hits you.
* * * LOW HITPOINT WARNING * * *
You hit something.
The orc priest miscasts a cantrip.
Something hits you.
* * * LOW HITPOINT WARNING * * *
You hear some strange, mumbled words.
A magic dart appears from out of thin air!
The magic dart hits you.
* * * LOW HITPOINT WARNING * * *
The orc priest hits you from afar with a +1 trident of protection.
* * * LOW HITPOINT WARNING * * *
You feel very mighty all of a sudden.
The orc priest hits you from afar with a +1 trident of protection!
* * * LOW HITPOINT WARNING * * *
Something hits you but does no damage.
Unknown command.
You miss something. The orc priest barely misses you.
Something hits you but does no damage.
You closely miss something. The orc priest closely misses you.
Something completely misses you.
You hit something but do no damage.
The orc priest hits you from afar with a +1 trident of protection!
You die...

#....).#.......#
#.....,#.......#
#.... #.......# *
... #..<...># * *
##.# ###.......# *
#oo# #.........#
,*
#o####.#.......# *
,, #{#
#..#.####### ## *
##@# #.#..# ...# ,
##..# #.#.##
##....##..####...#
<.∩.8.#..###...###
......#.####.#.# *
*#......#......#
#.###.......### **
* ##.......# ,
#...###.##


You could see an orc priest and 2 orcs.

Vanquished Creatures
  4 gnolls
  2 adders (D:3)
  2 worms
  2 dart slugs (D:2)
  7 orcs (D:3)
  3 ball pythons (D:2)
  An endoplasm (D:2)
  A giant cockroach (D:2)
  A hobgoblin (D:3)
  2 kobolds
  3 frilled lizards
  4 rats
32 creatures vanquished.

Notes
Turn   | Place    | Note
-------+----------+-------------------------------------------
     0 | D:1      | tilp the Meteoran Fighter began the quest for the Orb.
     0 | D:1      | Reached XP level 1. HP: 19/19 MP: 2/2
    62 | D:2      | Reached XP level 2. HP: 26/26 MP: 3/3
   111 | D:2      | Reached skill level 1 in Dodging
   168 | D:2      | Reached XP level 3. HP: 29/31 MP: 4/4
   385 | D:3      | Reached XP level 4. HP: 36/40 MP: 5/5
   431 | D:4      | Noticed an ogre
   516 | D:3      | Reached XP level 5. HP: 33/46 MP: 6/6
   542 | D:3      | Found Lumoz's Jewellery Shoppe.
   636 | D:3      | Slain by an orc priest

Illustrated notes

Levels and vault maps discovered:
D:1:      dpeg_arrival_rhombi, layout_basic
D:2:      layout_basic
D:3:      layout_rooms, serial_shops, shop_statue
D:4:      layout_basic, lemuel_round_altar,
          hangedman_abyss_or_decor_lesser_grid, cheibrodos_gnoll_hut,
          uniq_blork_the_orc, uniq_pikel

Skill      XL: |  1  2  3  4 |
---------------+-------------+-----
Long Blades    | 3 4 |  4.7
Dodging        | 1 2 |  2.0
Fighting       | 4 |  4.0
Armour         | |  3.6
Shields        | |  3.6

Action                     |  1- 3 |  4- 6 || total
---------------------------+-------+-------++-------
  Melee: Long sword        |    57 |    68 ||   125
    Use: Potion            |       |     1 ||     1
 Armour: Scale mail        |    13 |     8 ||    21
         Chain mail        |       |    26 ||    26
  Dodge: Dodged            |    18 |    16 ||    34
  Block: Buckler           |    10 |    13 ||    23

Table legend: (Time is in decaauts)
 A = Elapsed time spent in this place.
 B = Non-inter-level travel time spent in this place.
 C = Inter-level travel time spent in this place.
 D = Time resting spent in this place.
 E = Time spent auto-exploring this place.
 F = Levels seen in this place.
 G = Mean time per level.
                   A        B        C        D        E       F      G
               +--------+--------+--------+--------+--------+-----+--------+
         Total |    671 |    617 |     54 |      0 |      0 |   4 |  167.8 |
       Dungeon |    671 |    617 |     54 |      0 |      0 |   4 |  167.8 |
               +--------+--------+--------+--------+--------+-----+--------+

Top non-repeatable levels by time:
     D:3: 343 daAuts
     D:2: 297 daAuts
     D:1: 25 daAuts
     D:4: 5 daAuts
